 Dungeon Crawl Stone Soup version 0.29.1-2-gbd0b4ee654 (webtiles) character file.

Game seed: 16590227606908664358

946 BreadTh the Covert (level 8, 0/63 HPs)
             Began as a Gnoll Brigand on Nov 21, 2022.
             Slain by a gnoll
             ... wielding a +0 flail
             ... led by a gnoll sergeant
              (11 damage)
             ... on level 5 of the Dungeon.
             The game lasted 00:13:31 (3113 turns).

BreadTh the Covert (Gnoll Brigand)                  Turns: 3113, Time: 00:13:32

Health: 0/63       AC:  7    Str: 12    XL:     8   Next: 13%
Magic:  12/12      EV: 13    Int: 10    God:
Gold:   154        SH:  0    Dex: 15    Spells: 13/13 levels left

rFire   . . .      SeeInvis .   r - +1 long sword (elec)
rCold   . . .      Faith    .   (no shield)
rNeg    . . .      Spirit   .   B - +1 robe "Juimm" {rElec Regen+}
rPois   .          Reflect  .   k - +0 helmet
rElec   +          Harm     .   c - +0 cloak
rCorr   .          Rampage  .   A - +0 pair of gloves
Will    .....                   y - +0 pair of boots
Stlth   ++++......              o - amulet of regeneration
HPRegen 1.80/turn               (no ring)
MPRegen 0.13/turn               (no ring)

@: no status effects
A: fangs 1, strong nose, distributed training
a: no special abilities


You were on level 5 of the Dungeon.
You visited 1 branch of the dungeon, and saw 5 of its levels.

You collected 154 gold pieces.

Inventory:

Hand Weapons
 a - a +2 dagger
 h - a +0 trident
 r - a +1 long sword of electrocution (weapon)
 D - a +2 spectral club
Missiles
 d - 15 poisoned darts (quivered)
 e - 2 curare-tipped darts
 i - 28 stones
 n - a throwing net
 F - a boomerang
Armour
 c - a +0 cloak (worn)
 k - a +0 helmet (worn)
 y - a +0 pair of boots (worn)
 A - a +0 pair of gloves (worn)
 B - the +1 robe "Juimm" (worn) {rElec Regen+}
   (You found it on level 3 of the Dungeon)

   rElec:     It insulates you from electricity.
   Regen:     It increases your rate of health regeneration.
Magical Staves
 b - a staff of poison
Jewellery
 o - an amulet of regeneration (around neck)
Wands
 C - a wand of digging (8)
Scrolls
 g - 2 scrolls of blinking {unknown}
 j - 6 scrolls of teleportation {unknown}
 l - a scroll of butterflies {unknown}
 m - a scroll of poison {unknown}
 t - 2 scrolls of magic mapping {unknown}
 v - a scroll of brand weapon {unknown}
 w - a scroll of amnesia {unknown}
 x - a scroll of enchant armour {unknown}
 E - 2 scrolls of identify {unknown}
 H - a scroll of torment {unknown}
Potions
 f - a potion of degeneration {unknown}
 p - 4 potions of magic {unknown}
 q - 2 potions of might {unknown}
 s - a potion of heal wounds {unknown}
 u - 2 potions of flight {unknown}
 z - a potion of lignification {unknown}
 G - a potion of curing {unknown}


   Skills:
 + Level 5.6 Fighting
 + Level 5.6 Short Blades
 + Level 3.1 Long Blades
 + Level 3.1 Axes
 + Level 3.1 Maces & Flails
 + Level 3.1 Polearms
 + Level 3.1 Staves
 + Level 3.1 Ranged Weapons
 + Level 5.6 Throwing
 + Level 3.1 Armour
 + Level 4.1 Dodging
 + Level 8.4 Stealth
 + Level 3.1 Shields
 + Level 3.1 Unarmed Combat
 + Level 3.1 Spellcasting
 + Level 2.5 Conjurations
 + Level 2.5 Hexes
 + Level 2.5 Summonings
 + Level 2.5 Necromancy
 + Level 2.5 Translocations
 + Level 2.5 Transmutations
 + Level 2.5 Fire Magic
 + Level 2.5 Ice Magic
 + Level 2.5 Air Magic
 + Level 2.5 Earth Magic
 + Level 2.5 Poison Magic
 + Level 3.4 Invocations
 + Level 3.1 Evocations


You had 13 spell levels left.
You didn't know any spells.
Your spell library contained the following spells:

 Spells                   Type           Power      Damage    Failure   Level
 Gell's Gravitas          Tloc           6%         N/A       30%         3
 Lesser Beckoning         Tloc           6%         N/A       30%         3
 Teleport Other           Tloc           6%         N/A       30%         3
 Iskenderun's Battlesphe  Conj           6%         2d6       95%         5
 Iron Shot                Conj/Erth      3%         9d2       100%        6
 Spellforged Servitor     Conj/Summ      3%         N/A       100%        7


Dungeon Overview and Level Annotations

Branches:
Dungeon (5/15)
 Temple: D:4-7

Altars:
Elyvilon
Fedhas
Kikubaaqudgha
Wu Jian
The Shining One

Shops:
D:4 *:


Innate Abilities, Weirdness & Mutations

You have very sharp teeth.
Your uncanny sense of smell can sniff out nearby items.
Your experience applies equally to all skills.


Message History

You closely miss the gnoll. You bite the gnoll, but do no damage.
The gnoll is almost dead.
The gnoll sergeant hits you from afar with a +0 spear!
The gnoll misses you.
The gnoll sergeant hits you from afar with a +0 spear.
The gnoll hits you with a +0 flail.
You slash the gnoll!
You kill the gnoll!
The gnoll sergeant barely misses you.
The gnoll sergeant hits you with a +0 spear.
The gnoll sergeant blocks your attack.
Your bite misses the gnoll sergeant.
The gnoll sergeant hits you with a +0 spear.
You hit the gnoll sergeant but do no damage.
The gnoll sergeant closely misses you. The gnoll hits you with a +0 flail.
The gnoll sergeant barely misses you.
You barely miss the gnoll sergeant.
You bite the gnoll sergeant, but do no damage.
The gnoll hits you but does no damage.
The gnoll sergeant hits you with a +0 spear.
You barely miss the gnoll sergeant. You punch the gnoll sergeant.
The gnoll sergeant is lightly wounded.
The gnoll hits you with a +0 flail. The gnoll sergeant closely misses you.
You slash the gnoll sergeant! Your bite misses the gnoll sergeant.
The gnoll sergeant is heavily wounded.
The gnoll hits you with a +0 flail. The gnoll sergeant barely misses you.
Unknown command.
The gnoll sergeant blocks your attack.
The gnoll sergeant is heavily wounded.
The gnoll hits you with a +0 flail!
The gnoll sergeant hits you with a +0 spear.
The gnoll hits you with a +0 flail! The gnoll closely misses you.
The gnoll sergeant hits you with a +0 spear!
The gnoll attacks as you move away! The gnoll hits you with a +0 flail!
The gnoll sergeant hits you from afar with a +0 spear!
* * * LOW HITPOINT WARNING * * *
The gnoll attacks as you move away! The gnoll hits you with a +0 club.
* * * LOW HITPOINT WARNING * * *
The gnoll attacks as you move away! The gnoll closely misses you.
The gnoll attacks as you move away! The gnoll hits you with a +0 flail!
You die...

#.........+....)<# ##
#.........#......# #.
#.........#......###.
#....###########.##..
#....##...##.....##.#
#....#......[...#...#
#....#..........#..##
#....#....##....#.##≈
#...@##...#######.#≈§
#...g##...##....#.#≈§
#......)...#....#.#≈§
#.....g....+....'.+.§
#'#####...##....#.+..
#....##...##'####.#≈§
#...............#.#≈≈
#...............#.#≈§
#...............#.##≈


You could see a gnoll sergeant and a gnoll.

Vanquished Creatures
  A yak (D:5)
  An ice beast (D:5)
  An ogre (D:4)
  2 centaurs
  A phantom (D:4)
  A howler monkey (D:4)
  2 jellies
  2 iguanas
  Ijyb (D:3)
  Jessica (D:2)
  Natasha (D:3)
  An orc wizard (D:5)
  6 adders
  A gnoll (D:5)
  A worm (D:3)
  A dart slug (D:1)
  3 orcs
  8 endoplasms
  2 giant cockroaches
  11 goblins
  8 hobgoblins
  A quokka (D:4)
  6 ball pythons
  7 bats
  A frilled lizard (D:1)
  4 kobolds
  5 rats
80 creatures vanquished.

Notes
Turn   | Place    | Note
-------+----------+-------------------------------------------
     0 | D:1      | BreadTh the Gnoll Brigand began the quest for the Orb.
     0 | D:1      | Reached XP level 1. HP: 20/20 MP: 1/1
   102 | D:1      | Reached XP level 2. HP: 20/26 MP: 2/2
   576 | D:2      | Found a glowing golden altar of the Shining One.
   688 | D:2      | Reached XP level 3. HP: 31/31 MP: 3/3
   832 | D:2      | Found a faded altar of an unknown god.
   840 | D:2      | Reached skill level 1 in Invocations
  1007 | D:2      | Noticed Jessica
  1018 | D:2      | Killed Jessica
  1019 | D:2      | Reached skill level 1 in Long Blades
  1019 | D:2      | Reached skill level 1 in Axes
  1019 | D:2      | Reached skill level 1 in Maces & Flails
  1019 | D:2      | Reached skill level 1 in Polearms
  1019 | D:2      | Reached skill level 1 in Staves
  1019 | D:2      | Reached skill level 1 in Ranged Weapons
  1019 | D:2      | Reached skill level 1 in Armour
  1019 | D:2      | Reached skill level 1 in Shields
  1019 | D:2      | Reached skill level 1 in Unarmed Combat
  1019 | D:2      | Reached skill level 1 in Spellcasting
  1019 | D:2      | Reached skill level 1 in Evocations
  1019 | D:2      | Reached XP level 4. HP: 38/38 MP: 5/5
  1444 | D:3      | Noticed Natasha
  1457 | D:3      | Killed Natasha
  1458 | D:3      | Reached skill level 1 in Conjurations
  1458 | D:3      | Reached skill level 1 in Hexes
  1458 | D:3      | Reached skill level 1 in Summonings
  1458 | D:3      | Reached skill level 1 in Necromancy
  1458 | D:3      | Reached skill level 1 in Translocations
  1458 | D:3      | Reached skill level 1 in Transmutations
  1458 | D:3      | Reached skill level 1 in Fire Magic
  1458 | D:3      | Reached skill level 1 in Ice Magic
  1458 | D:3      | Reached skill level 1 in Air Magic
  1458 | D:3      | Reached skill level 1 in Earth Magic
  1458 | D:3      | Reached skill level 1 in Poison Magic
  1735 | D:3      | Found an ancient bone altar of Kikubaaqudgha.
  1752 | D:3      | Found a white marble altar of Elyvilon.
  1754 | D:3      | Found an ornate altar of the Wu Jian Council.
  1786 | D:3      | Reached XP level 5. HP: 43/43 MP: 7/7
  1872 | D:3      | Noticed Ijyb
  1873 | D:3      | Identified the +1 robe "Juimm" {rElec Regen+}
  1900 | D:3      | Killed Ijyb
  2159 | D:4      | Reached skill level 8 in Stealth
  2170 | D:4      | You fall into a shaft and drop 1 floor!
  2170 | D:5      | Entered Level 5 of the Dungeon
  2186 | D:5      | Reached XP level 6. HP: 43/50 MP: 8/8
  2229 | D:4      | Reached skill level 5 in Fighting
  2229 | D:4      | Reached skill level 5 in Short Blades
  2229 | D:4      | Reached skill level 5 in Throwing
  2239 | D:4      | Found Viqahi's Tremendous Tomes.
  2525 | D:4      | Reached XP level 7. HP: 50/56 MP: 10/10
  2558 | D:4      | Found a blossoming altar of Fedhas.
  2642 | D:4      | Found Fures's Neck Hole.
  2846 | D:5      | Noticed a yak
  2858 | D:5      | Killed a yak
  2966 | D:5      | Reached XP level 8. HP: 31/63 MP: 12/12
  3113 | D:5      | Slain by a gnoll

Illustrated notes

Levels and vault maps discovered:
D:1:      saegor_arrival_simple_e, layout_rooms
D:2:      layout_basic, basic_altar, dreamdust_ecumenical_altar_statues,
          uniq_jessica
D:3:      layout_basic, mainiacjoe_overflow_small_starburst, minitemple,
          uniq_ijyb, uniq_natasha
D:4:      layout_basic, fedhas_altar_fruit_tree, corexii_checkpoint_a,
          nicolae_shop_i_like_big_books, nicolae_shop_sticking_my_neck_out,
          uniq_edmund
D:5:      kennysheep_big_flooded_room, layout_gridville, ebering_ghost_sewer_d

Skill      XL: |  1  2  3  4  5  6  7 |
---------------+----------------------+-----
Invocations    | 1 2 3 |  3.4
Long Blades    | 1 2 3 |  3.1
Axes           | 1 2 3 |  3.1
Maces & Flails | 1 2 3 |  3.1
Polearms       | 1 2 3 |  3.1
Staves         | 1 2 3 |  3.1
Ranged Weapons | 1 2 3 |  3.1
Armour         | 1 2 3 |  3.1
Shields        | 1 2 3 |  3.1
Unarmed Combat | 1 2 3 |  3.1
Spellcasting   | 1 2 3 |  3.1
Evocations     | 1 2 3 |  3.1
Conjurations   | 1 2 |  2.5
Hexes          | 1 2 |  2.5
Summonings     | 1 2 |  2.5
Necromancy     | 1 2 |  2.5
Translocations | 1 2 |  2.5
Transmutations | 1 2 |  2.5
Fire Magic     | 1 2 |  2.5
Ice Magic      | 1 2 |  2.5
Air Magic      | 1 2 |  2.5
Earth Magic    | 1 2 |  2.5
Poison Magic   | 1 2 |  2.5
Dodging        | 3 4 |  4.1
Stealth        | 8 |  8.4
Fighting       | 5 |  5.6
Short Blades   | 5 |  5.6
Throwing       | 5 |  5.6

Action                   |  1- 3 |  4- 6 |  7- 9 || total
-------------------------+-------+-------+-------++-------
Melee: Dagger            |    39 |       |       ||    39
       Bite              |     5 |     6 |     6 ||    17
       Long sword        |    26 |   113 |    61 ||   200
       Punch             |       |       |     2 ||     2
Throw: Dart              |       |       |     2 ||     2
 Stab: Sleeping          |     4 |    11 |     2 ||    17
Armor: Robe              |     5 |     4 |    22 ||    31
       Ring mail         |    15 |    43 |       ||    58
Dodge: Dodged            |    25 |    73 |    47 ||   145
